 Dungeon Crawl Stone Soup version 0.27-a0-1147-gb3d8e82157 (webtiles) character file.

Game seed: 8419490800371420093

37 bilbop the Magician (level 3, 0/27 HPs)
             Began as a Djinni Venom Mage on May 12, 2021.
             Slain by a worm (8 damage)
             ... on level 2 of the Dungeon.
             The game lasted 00:07:09 (1270 turns).

bilbop the Magician (Djinni Venom Mage)             Turns: 1270, Time: 00:07:10

Health: 0/27       AC:  2    Str:  7    XL:     3   Next: 39%
Gold:   59         EV: 12    Int: 16    God:
                   SH:  0    Dex: 14

rFire    + + .     SeeInvis .   b - +0 dagger
rCold    x . .     Faith    .   (no shield)
rNeg     . . .     Spirit   .   a - +0 robe
rPois    ∞         Reflect  .   (no helmet)
rElec    .         Harm     .   (no cloak)
rCorr    .         Rampage  .   (no gloves)
Will     .....                  (boots unavailable)
Stlth    ++........             (no amulet)
HPRegen  0.09/turn              (no ring)
MPRegen  0.00/turn              (no ring)

@: flying
A: sickness immunity, fire resistance 2, cold vulnerability 1, float, innate
caster, hp casting, extra vitality 1
a: no special abilities


You were on level 2 of the Dungeon.
You visited 1 branch of the dungeon, and saw 2 of its levels.

You collected 59 gold pieces.

Inventory:

Hand Weapons
 b - a +0 dagger (weapon)
Armour
 a - a +0 robe (worn)
Scrolls
 d - a scroll of identify {unknown}
Potions
 c - a potion of heal wounds {unknown}


   Skills:
 + Level 1.0 Fighting
 + Level 0.6 Long Blades
 - Level 2.1 Dodging
 * Level 2.3 Stealth
 * Level 3.1 Spellcasting


You couldn't memorise any spells.
You knew the following spells:

 Your Spells              Type           Power      Damage    Failure   Level
a - Sting                 Tmut/Pois      48%        1d5       5%          1
b - Poisonous Vapours     Pois/Air       24%        N/A       8%          2
c - Mephitic Cloud        Conj/Pois/Air  12%        N/A       16%         3
d - Ignite Poison         Fire/Tmut/Pois 12%        N/A       16%         3
e - Olgreb's Toxic Radia  Pois           12%        N/A       45%         4
f - Pain                  Necr           48%        1d6       5%          1
Your spell library was empty.

Dungeon Overview and Level Annotations

Branches:
Dungeon (2/15)

Altars:


Innate Abilities, Weirdness & Mutations

You are immune to sickness and miasma.
You are immune to poison.
Your flesh is very heat resistant. (rF++)
You are vulnerable to cold. (rC-)
You float through the air rather than walking.
You learn spells naturally, not from books.
Your magical power is your life essence.
You have superior vitality. (+4 HP)


Message History

You kill the goblin!
The sting hits the worm.
The worm is poisoned.
The worm is lightly wounded.
A goblin comes into view. It is wielding a +0 club.
The sting hits the worm.
The worm looks even sicker.
The worm is moderately wounded.
The goblin shouts!
The sting misses the goblin.
Casting: Sting (safe; 5% risk of failure)
Confirm with . or Enter, or press ? or * to list all spells.
Aiming: Pain (safe; 5% risk of failure)
Press: ? - help, Shift-Dir - straight line, f/p - goblin
Aim: a goblin, wielding a +0 club (chance to affect: 82%)
The goblin writhes in agony.
The goblin hits you with a +0 club.
The sting misses the goblin.
The goblin hits you with a +0 club.
You are too injured to fight recklessly!
You are too injured to fight recklessly!
Aiming: Sting (safe; 5% risk of failure)
Press: ? - help, Q - select action, (/) - cycle Shift-Dir - straight line, f/p - goblin
Aim: a goblin, wielding a +0 club (heavily wounded, 64% to hit)
The sting hits the goblin.
The goblin is poisoned.
The goblin is almost dead.
You kill the goblin!
The worm looks more healthy.
Your Fighting skill increases to level 1!
Casting: Sting (safe; 5% risk of failure)
Confirm with . or Enter, or press ? or * to list all spells.
Aiming: Poisonous Vapours (safe; 8% risk of failure)
Press: ? - help, Dir - move target, f - worm
Aim: a worm (heavily wounded) Poisonous vapours surround the worm!
Casting: Poisonous Vapours (safe; 8% risk of failure)
Confirm with . or Enter, or press ? or * to list all spells.
Aiming: Poisonous Vapours (safe; 8% risk of failure)
Press: ? - help, Dir - move target, f/p - worm
Aim: a worm (heavily wounded) Poisonous vapours surround the worm!
* * * LOW HITPOINT WARNING * * *
The worm is engulfed in poison gas.
The worm is poisoned.
The worm bites you!
You die...

### #<#
#.#######
#.......#
#######.#
#....#
#.####
#####.#
#..w@.#
#.#####
#..wg.#
#####.#
#)# ...
##...
#....
.?...#


You could see a worm (poisoned).

Vanquished Creatures
  A gnoll (D:1)
  2 ball pythons (D:1)
  2 giant cockroaches (D:1)
  2 goblins (D:2)
  A hobgoblin (D:1)
  3 jackals (D:1)
  2 bats (D:1)
  4 frilled lizards (D:1)
  6 kobolds (D:1)
  2 rats (D:1)
25 creatures vanquished.

Notes
Turn   | Place    | Note
-------+----------+-------------------------------------------
     0 | D:1      | bilbop the Djinni Venom Mage began the quest for the Orb.
     0 | D:1      | Reached XP level 1. HP: 15/15 MP: 0/0
    30 | D:1      | Reached XP level 2. HP: 13/22 MP: 0/0
   321 | D:1      | Reached skill level 3 in Spellcasting
   522 | D:1      | Found a faded altar of an unknown god.
   675 | D:1      | Reached XP level 3. HP: 26/26 MP: 0/0
   675 | D:1      | Learned a level 1 spell: Pain
  1269 | D:2      | Reached skill level 1 in Fighting
  1270 | D:2      | Slain by a worm

Illustrated notes

Levels and vault maps discovered:
D:1:      wander_arrival_desolate, layout_rooms, serial_forest,
          infiniplex_forest_straight_4, infiniplex_forest_lined_room_2,
          infiniplex_forest_lined_3, infiniplex_forest_straight_3,
          infiniplex_forest_straight_3, infiniplex_forest_lined_room_,
          shapermc_ecumenical_altar_mp_urbaneastern,
          hangedman_decor_diamond_cutter
D:2:      layout_basic, uniq_natasha

Skill      XL: |  1  2  3 |
---------------+----------+-----
Stealth        | 2 |  2.3
Spellcasting   | 3 |  3.1
Fighting       | 1 |  1.0
Long Blades    | |  0.6
Dodging        | |  2.1

Action                   || total
-------------------------++-------
Melee: Dagger            ||    21
 Cast: Sting             ||    32
       Pain              ||     5
       Poisonous Vapours ||     2
 Stab: Sleeping          ||     2
Armor: Robe              ||     8
Dodge: Dodged            ||    20

Table legend: (Time is in decaauts)
 A = Elapsed time spent in this place.
 B = Non-inter-level travel time spent in this place.
 C = Inter-level travel time spent in this place.
 D = Time resting spent in this place.
 E = Time spent auto-exploring this place.
 F = Levels seen in this place.
 G = Mean time per level.
                   A        B        C        D        E       F      G
               +--------+--------+--------+--------+--------+-----+--------+
         Total |   1269 |   1250 |     19 |    476 |    629 |   2 |  634.5 |
       Dungeon |   1269 |   1250 |     19 |    476 |    629 |   2 |  634.5 |
               +--------+--------+--------+--------+--------+-----+--------+

Top non-repeatable levels by time:
     D:1: 1225 daAuts
     D:2: 43 daAuts
